 Dungeon Crawl Stone Soup version 0.30-a0-728-gc68057be0a (webtiles) character file.

Game seed: 4420443111678443282

87 Hiru the Slasher (level 4, -4/29 HPs)
             Began as a Tengu Monk on Jan 30, 2023.
             Slain by Terence
             ... wielding a +0 flail
              (7 damage)
             ... on level 3 of the Dungeon.
             The game lasted 00:03:26 (1570 turns).

Hiru the Slasher (Tengu Monk)                       Turns: 1570, Time: 00:03:27

Health: -4/29      AC:  5    Str: 13    XL:     4   Next: 51%
Magic:  5/5        EV: 13    Int: 10    God:
Gold:   27         SH:  0    Dex: 17    Spells: 3/3 levels left

rFire   + . .      SeeInvis .    o - +0 long sword
rCold   . . .      Faith    .    (no shield)
rNeg    . . .      Spirit   .    e - +0 leather armour
rPois   .          Reflect  .    (helmet restricted)
rElec   .          Harm     .    g - +0 cloak
rCorr   .          Rampage  .    m - +0 pair of gloves
Will    .....                    (boots unavailable)
Stlth   ++                       (no amulet)
HPRegen 0.24/turn                i - ring of protection from fire
MPRegen 0.09/turn                (no ring)

@: no status effects
A: beak, talons 3
a: no special abilities


You were on level 3 of the Dungeon.
You visited 1 branch of the dungeon, and saw 3 of its levels.

You collected 117 gold pieces.
You spent 90 gold pieces at shops.

Inventory:

Hand Weapons
 o - a +0 long sword (weapon)
Armour
 e - a +0 leather armour (worn)
 g - a +0 cloak (worn)
 m - a +0 pair of gloves (worn)
Jewellery
 a - a ring of ice
 h - a ring of ice
 i - a ring of protection from fire (left hand)
Scrolls
 d - a scroll of fog {unknown}
 j - 4 scrolls of immolation {unknown}
 k - a scroll of amnesia {unknown}
 l - a scroll of enchant weapon {unknown}
 n - 4 scrolls of blinking {unknown}
Potions
 b - a potion of heal wounds {unknown}
 c - a potion of ambrosia
 f - 2 potions of mutation {unknown}
 p - a potion of resistance {unknown}
 q - a potion of might {unknown}
 r - a potion of curing


   Skills:
 * Level 4.0 Fighting
 * Level 4.4 Long Blades
 + Level 1.7 Armour
 - Level 3.2 Dodging
 - Level 2.0 Stealth


You had 3 spell levels left.
You didn't know any spells.
Your spell library was empty.

Dungeon Overview and Level Annotations

Branches:
Dungeon (3/15)

Altars:
Zin

Annotations:
D:2 1 runed translucent door, Crazy Yiuf, Sigmund
D:3 Terence


Innate Abilities, Weirdness & Mutations

You have a beak for a mouth.
You have claws for feet.


Message History

Found 8 stones.
Found Zin's Purification Station.
You see here 8 stones.
Found a glowing silver altar of Zin.
There is an entrance to Zin's Purification Station here.
r - a potion of curing Thank you for shopping at Zin's Purification Station!
You see here 8 stones.
Terence the Incautious comes into view.
He is wielding a +0 flail.
Found 8 stones and 6 gold pieces.
Okay, then.
Okay, then.
Unknown command.
You see here 10 gold pieces.
Found a stone staircase leading down.
Terence shouts!
Terence completely misses you.
You barely miss Terence. You claw Terence, but do no damage.
Terence hits you with a +0 flail. Terence misses you.
You barely miss Terence. Your peck misses Terence. Terence barely misses you.
You hit Terence. Your kick misses Terence.
Terence is moderately wounded.
Terence barely misses you.
You closely miss Terence. You claw Terence. You peck Terence, but do no damage.
Terence is moderately wounded.
Terence hits you with a +0 flail!
You hit Terence but do no damage. You claw Terence.
Terence is heavily wounded.
Terence misses you.
You slash Terence! Your kick misses Terence. You peck Terence.
Terence is almost dead.
Terence hits you with a +0 flail!
* * * LOW HITPOINT WARNING * * *
You are too injured to fight recklessly!
You barely miss Terence. Your kick misses Terence.
Terence is almost dead.
Terence hits you with a +0 flail.
* * * LOW HITPOINT WARNING * * *
Terence hits you with a +0 flail!
You die...

##########
#........#
#.......>#
#........#
#.....$..#
#.......(#
##....@...#
###.....@...#
............#
###........#
####$###..## #.#
#..# #(#####.#
#....#..##
######..#.....##
#......###.....#


You could see Terence.

Vanquished Creatures
  4 adders (D:2)
  4 bats
  3 endoplasms
  3 giant cockroaches
  17 goblins
  2 hobgoblins (D:1)
  2 kobolds (D:1)
  A quokka (D:1)
  4 ball pythons
  3 frilled lizards
  3 rats
46 creatures vanquished.

Notes
Turn   | Place    | Note
-------+----------+-------------------------------------------
     0 | D:1      | Hiru the Tengu Monk began the quest for the Orb.
     0 | D:1      | Reached XP level 1. HP: 14/14 MP: 2/2
    49 | D:1      | You fall into a shaft and drop 1 floor!
   185 | D:1      | Found a faded altar of an unknown god.
   193 | D:1      | Reached XP level 2. HP: 19/19 MP: 3/3
   529 | D:2      | Reached skill level 1 in Armour
   651 | D:2      | Reached XP level 3. HP: 22/23 MP: 4/4
   827 | D:2      | Found a runed translucent door.
   854 | D:2      | Noticed Crazy Yiuf
   856 | D:2      | Noticed Sigmund
  1019 | D:2      | Reached XP level 4. HP: 29/29 MP: 5/5
  1543 | D:3      | Found Zin's Purification Station.
  1550 | D:3      | Found a glowing silver altar of Zin.
  1553 | D:3      | Bought a potion of curing for 90 gold pieces
  1559 | D:3      | Noticed Terence
  1570 | D:3      | Slain by Terence

Illustrated notes

Levels and vault maps discovered:
D:1:      dpeg_arrival_erosion, layout_rooms, serial_forest,
          infiniplex_forest_clump_tiny, infiniplex_forest_clump_diagonal,
          infiniplex_forest_corner_2, infiniplex_forest_clump_tiny,
          infiniplex_forest_lined_room_2, hellmonk_ecumenical_altar_arch_garden
D:2:      cheibrodos_greedy_goblins, layout_basic, uniq_crazy_yiuf_cottage,
          uniq_sigmund
D:3:      layout_rooms, zin_purify, minmay_misc_feat_ornament, uniq_jessica,
          uniq_terence

Skill      XL: |  1  2  3  4 |
---------------+-------------+-----
Armour         | 1 |  1.7
Long Blades    | 4 |  4.4
Fighting       | 4 |  4.0
Dodging        | |  3.2
Stealth        | |  2.0

Action                     |  1- 3 |  4- 6 || total
---------------------------+-------+-------++-------
  Melee: Falchion          |    79 |       ||    79
         Kick              |    12 |     7 ||    19
         Peck              |    13 |     4 ||    17
         Long sword        |     5 |    23 ||    28
         Punch             |     1 |       ||     1
   Stab: Sleeping          |     4 |     2 ||     6
 Armour: Leather armour    |    16 |     5 ||    21
  Dodge: Dodged            |    54 |    14 ||    68

Table legend: (Time is in decaauts)
 A = Elapsed time spent in this place.
 B = Non-inter-level travel time spent in this place.
 C = Inter-level travel time spent in this place.
 D = Time resting spent in this place.
 E = Time spent auto-exploring this place.
 F = Levels seen in this place.
 G = Mean time per level.
                   A        B        C        D        E       F      G
               +--------+--------+--------+--------+--------+-----+--------+
         Total |   1582 |   1503 |     79 |      0 |   1153 |   3 |  527.3 |
       Dungeon |   1582 |   1503 |     79 |      0 |   1153 |   3 |  527.3 |
               +--------+--------+--------+--------+--------+-----+--------+

Top non-repeatable levels by time:
     D:2: 1056 daAuts
     D:1: 471 daAuts
     D:3: 54 daAuts
